[Event "183 Stay Safe Play From Home series"]
[Site "T#646406Emanuel Laske"]
[Date "2020.05.28"]
[Round "6"]
[White "Tobo Rubirosa"]
[Black "Kongle"]
[Result "1-0"]
[WhiteElo "1665"]
[BlackElo "1826"]
[Annotator "NA RC"]
[PlyCount "79"]
[EventDate "2020.05.28"]
[EventType "swiss (blitz)"]
[TimeControl "180"]

1. Nf3 Nf6 2. d4 b6 3. g3 Bb7 4. Bg2 d6 5. O-O g6 6. c4 Bg7 7. Nc3 e6 8. Qc2 Nbd7 9. e4 O-O 10. Re1 e5 11. h3 Re8 12. d5 a5 13. Be3 Nc5 14. a3 Bc8 15. b4 axb4 16. axb4 Rxa1 17. Rxa1 Na6 18. c5 Nxb4 19. Qb3 bxc5 20. Ra8 Qe7 21. Ra7 Qd7 22. Bf1 Qd8 23. Nb5 Nxe4 24. Nxc7 Re7 25. Nb5 Rxa7 26. Nxa7 f5 27. Nc6 Qf8 28. Nxb4 cxb4 29. Qxb4 h6 30. Bb6 g5 31. Bc7 Bd7 32. Nd2 Nxd2 33. Qxd2 f4 34. Qd3 Qa8 35. Bxd6 Qa4 36. Qg6 fxg3 37. fxg3 Qd4+ 38. Kh2 Qxd5 39. Be7 Qd2+ 40. Bg2 {[%emt 0:00:01] Time (Lag: Av=0.80s, max=2.8s)} 1-0